 Dungeon Crawl Stone Soup version 0.26.1-15-g04117e645d (webtiles) character file.

Game seed: 6388587816382173429

2387 tkbsonic5 the Covert (level 9, -2/62 HPs)
             Began as an Octopode Venom Mage on Dec 27, 2022.
             Was a Priest of Okawaru.
             Slain by a death yak (23 damage)
             ... on level 7 of the Dungeon.
             The game lasted 00:28:35 (8535 turns).

tkbsonic5 the Covert (Octopode Venom Mage)          Turns: 8535, Time: 00:28:36

Health: -2/62      AC:  1    Str: 13    XL:     9   Next: 46%
Magic:  15/17      EV: 14    Int: 20    God:    Okawaru [***...]
Gold:   568        SH:  0    Dex: 12    Spells: 0/19 levels left

rFire    . . .     SeeInvis .   w - +10 arbalest "Grim Tooth" {flame, *Slow rC+++ Str+5}
rCold    + + +     Faith    +   (shield currently unavailable)
rNeg     . . .     Spirit   .   (helmet restricted)
rPois    .         Reflect  .   G - amulet of faith
rElec    .         Harm     .   E - ring of stealth
rCorr    .         Rampage  .   (no ring)
Will     .....                  (no ring)
Stlth    ++++++....             (no ring)
HPRegen  0.20/turn              (no ring)
MPRegen  0.15/turn              (no ring)
                                (no ring)
                                (no ring)

@: no status effects
A: almost no armour, stealthy swim, amphibious, 8 rings, constrict 8, camouflage
1, gelatinous body 1
a: Renounce Religion, Heroism


You were on level 7 of the Dungeon.
You worshipped Okawaru.
Okawaru was most pleased with you.
You visited 1 branch of the dungeon, and saw 8 of its levels.

You collected 568 gold pieces.

Inventory:

Hand Weapons
 a - a +0 short sword
 d - a +0 antimagic short sword
 g - a +1 short sword of freezing
 q - a +4 vorpal falchion
 v - a +2 trident of protection
 w - the +10 arbalest "Grim Tooth" (weapon) {flame, *Slow rC+++ Str+5}
   (You found it on level 6 of the Dungeon)

   It causes projectiles fired from it to burn those they strike, causing extra
   injury to most foes and up to half again as much damage against particularly
   susceptible opponents.
   It affects your strength (+5).
   It renders you almost immune to cold.
   It may slow you when you take damage.
Missiles
 b - 8 javelins
 c - 200 bolts (quivered ammo)
 h - 20 poisoned darts
 j - 77 sling bullets
 l - 3 throwing nets
Magical Staves
 k - an uncursed staff of poison
 I - an uncursed staff of conjuration {unknown}
Jewellery
 s - an uncursed amulet of guardian spirit
 y - an uncursed ring of ice
 z - an uncursed ring of ice
 A - an uncursed amulet of the acrobat
 E - a ring of stealth (left tentacle)
 G - an amulet of faith (around mantle)
Wands
 i - a wand of random effects (14)
Scrolls
 f - 2 scrolls of remove curse
 p - 3 scrolls of fog
 r - 2 scrolls of blinking
 u - a scroll of magic mapping
 B - 2 scrolls of teleportation
 C - 2 scrolls of immolation
 J - a scroll of fear
Potions
 e - 3 potions of lignification
 m - 2 potions of curing
 n - 2 potions of heal wounds
 o - a potion of invisibility {unknown}
 t - a potion of resistance {unknown}
 x - 2 potions of flight {unknown}
 D - a potion of attraction {unknown}
 H - a potion of ambrosia


   Skills:
 * Level 6.0 Fighting
 - Level 0.9(1.1) Short Blades
 - Level 0.6(1.0) Long Blades
 - Level 1.2 Staves
 * Level 2.0 Crossbows
 * Level 3.7 Dodging
 * Level 8.7 Stealth
 - Level 0.4 Unarmed Combat
 + Level 5.6 Spellcasting
 + Level 5.2 Conjurations
 + Level 1.4 Hexes
 + Level 2.4 Transmutations
 + Level 1.3 Ice Magic
 + Level 2.0 Air Magic
 + Level 7.6 Poison Magic
 + Level 1.7 Invocations
 + Level 2.8 Evocations


You couldn't memorise any spells.
You knew the following spells:

 Your Spells              Type           Power        Failure   Level
a - Sting                 Tmut/Pois      100%         1%          1
b - Poisonous Vapours     Pois/Air       50%          2%          2
c - Mephitic Cloud        Conj/Pois/Air  25%          4%          3
d - Olgreb's Toxic Radia  Pois           36%          4%          4
e - Ensorcelled Hibernat  Hex/Ice        22%          9%          2
f - Confusing Touch       Hex            11%          19%         3
g - Dazzling Flash        Conj/Hex       38%          9%          3
h - Corona                Hex            12%          6%          1

Your spell library contained the following spells:

 Spells                   Type           Power        Failure   Level
 Ignite Poison            Fire/Tmut/Pois 19%          9%          3
 Tukima's Dance           Hex            11%          19%         3
 Inner Flame              Hex/Fire       8%           24%         3
 Fulminant Prism          Conj/Hex       9%           26%         4
 Alistair's Intoxication  Tmut/Pois      16%          36%         5
 Cause Fear               Hex            5%           52%         4
 Yara's Violent Unravell  Hex/Tmut       6%           80%         5
 Silence                  Hex/Air        6%           83%         5


Dungeon Overview and Level Annotations

Branches:
Dungeon (8/15)             Temple (0/1) D:4            Lair (0/6) D:8

Altars:
Dithmenos
Gozag
Okawaru
Trog
Vehumet
Xom
Zin


Innate Abilities, Weirdness & Mutations

You cannot wear most types of armour.
You are very stealthy in the water. (Stealth+)
You are amphibious.
You can wear up to eight rings at the same time.
You can use your tentacles to constrict eight enemies at once.
Your skin changes colour to match your surroundings (Stealth+).
Your rubbery body absorbs attacks. (AC +1, EV +1)


Message History

Okawaru is honoured by your kill.
Your Fighting skill increases to level 6!
Your Crossbows skill increases to level 2!
Your Air Magic skill increases to level 2!
c - 202 bolts (gained 2)
You start resting.
HP restored.
There is a stone staircase leading down, spattered with blood here.
You climb downwards.
The death yak closely misses you.
There is a stone staircase leading up here.
The death yak closely misses you.
You climb upwards.
There is a stone staircase leading down, spattered with blood here.
You shoot a bolt. The bolt hits the death yak!
The bolt burns the death yak.
The death yak is moderately wounded.
The death yak misses you. The death yak gores you!
You shoot a bolt. The bolt hits the death yak.
The bolt burns the death yak.
The death yak is moderately wounded.
The death yak gores you!! x2
You die...

..........#....................##
#.######.################.####...
...## #.#........# #.# #### ....#
#.......##.# #.# # ...##
###.###.##.# #.# # #.##
#........#######.### #.#
#####.####.........# #.#
###.####.#####.#.# #'##
#....@##.# ##.#.# ...##
#....Y##.# ##....# # ....##
##.....##.# #..#..# ## .....##
##...<..##.# #.....# ##.
......####......)##.###.....###..
......'.......................'..
......####......###.........###..
.....## ##....## #####.....# ##.
....## ###(## ###...# ##


You could see a death yak.

Vanquished Creatures
  A death yak (D:7)
  Maggie (D:7)
  An orc warrior (D:6)
  An ice beast (D:7)
  A phantom (D:5)
  A sky beast (D:7)
  3 centaurs
  A bullfrog (D:6)
  A wyvern skeleton (D:7)
  2 hounds (D:4)
  Crazy Yiuf (D:6)
  An orc priest (D:3)
  A jelly (D:5)
  2 iguanas
  5 orc wizards
  4 worker ants
  A hound skeleton (D:5)
  A howler monkey zombie (D:6)
  2 worker ant zombies
  8 adders
  4 gnolls (D:3)
  A white imp (D:7)
  An adder skeleton (D:8)
  3 worms
  A dart slug (D:1)
  6 leopard geckos
  22 orcs
  8 bats
  3 giant cockroaches
  A goblin (D:3)
  4 hobgoblins
  12 jackals
  2 quokkas (D:6)
  A ball python (D:2)
  7 frilled lizards
  A jackal skeleton (D:7)
  17 kobolds
  A leopard gecko zombie (D:7)
  A quokka zombie (D:6)
  6 rats
141 creatures vanquished.

Vanquished Creatures (others)
  A quokka (D:8)
1 creature vanquished.

Grand Total: 142 creatures vanquished

Notes
Turn   | Place    | Note
-------+----------+-------------------------------------------
     0 | D:1      | tkbsonic5 the Octopode Venom Mage began the quest for the
                  | Orb.
     0 | D:1      | Reached XP level 1. HP: 11/11 MP: 3/3
   483 | D:1      | Reached XP level 2. HP: 17/17 MP: 3/5
   534 | D:1      | Learned a level 2 spell: Poisonous Vapours
  1166 | D:1      | Reached skill level 3 in Stealth
  1538 | D:2      | Reached XP level 3. HP: 20/22 MP: 6/6
  1542 | D:2      | Learned a level 3 spell: Mephitic Cloud
  1663 | D:2      | Reached skill level 1 in Fighting
  2489 | D:2      | Reached XP level 4. HP: 28/28 MP: 2/7
  2893 | D:3      | Found an iron altar of Okawaru.
  2900 | D:3      | Reached skill level 5 in Fighting
  2900 | D:3      | Reached skill level 7 in Stealth
  2900 | D:3      | Reached skill level 5 in Spellcasting
  2900 | D:3      | Reached XP level 5. HP: 39/39 MP: 1/12
  3004 | D:3      | Learned a level 4 spell: Olgreb's Toxic Radiance
  3039 | D:3      | Became a worshipper of Warmaster Okawaru
  3091 | D:3      | Reached skill level 8 in Stealth
  3206 | D:3      | Reached XP level 6. HP: 45/45 MP: 8/13
  3457 | D:3      | Found a shadowy altar of Dithmenos.
  3459 | D:3      | Found an opulent altar of Gozag.
  3459 | D:3      | Found a shimmering altar of Xom.
  3461 | D:3      | Found a shadowy altar of Dithmenos.
  3461 | D:3      | Found a shimmering altar of Xom.
  3461 | D:3      | Found a shimmering altar of Xom.
  3931 | D:4      | Found a bloodstained altar of Trog.
  4042 | D:4      | Found a glowing drain.
  4084 | D:4      | Found a staircase to the Ecumenical Temple.
  4312 | D:4      | Learned a level 2 spell: Ensorcelled Hibernation
  4316 | D:4      | Learned a level 3 spell: Confusing Touch
  4540 | D:4      | Reached * piety under Okawaru
  4541 | D:4      | Reached skill level 1 in Air Magic
  4733 | D:5      | Entered Level 5 of the Dungeon
  4748 | D:5      | Reached XP level 7. HP: 49/50 MP: 1/14
  4755 | D:5      | Reached skill level 1 in Evocations
  4912 | D:5      | Reached skill level 1 in Staves
  5751 | D:5      | Found a glowing silver altar of Zin.
  6315 | D:6      | Got an ancient arbalest
  6316 | D:6      | Identified the +10 arbalest "Grim Tooth" {flame, *Slow
                  | rC+++ Str+5} (You found it on level 6 of the Dungeon)
  6451 | D:6      | Reached XP level 8. HP: 56/56 MP: 16/16
  6458 | D:6      | Reached skill level 5 in Conjurations
  6702 | D:6      | Found a runed translucent door.
  6703 | D:6      | Noticed Crazy Yiuf
  7096 | D:6      | Killed Crazy Yiuf
  7173 | D:7      | Reached skill level 1 in Hexes
  7173 | D:7      | Reached skill level 1 in Invocations
  7328 | D:7      | Reached ** piety under Okawaru
  7329 | D:7      | Reached skill level 1 in Crossbows
  7329 | D:7      | Reached skill level 1 in Ice Magic
  7421 | D:7      | Learned a level 3 spell: Dazzling Flash
  7455 | D:7      | Found a radiant altar of Vehumet.
  7528 | D:7      | Noticed Maggie
  7532 | D:7      | Killed Maggie
  7738 | D:7      | Reached *** piety under Okawaru
  7739 | D:7      | Reached XP level 9. HP: 58/62 MP: 17/17
  7997 | D:7      | Learned a level 1 spell: Corona
  8359 | D:8      | Found a staircase to the Lair.
  8359 | D:8      | Noticed a death yak
  8359 | D:8      | Noticed a death yak
  8359 | D:8      | Noticed a death yak
  8456 | D:8      | Identified a scroll of acquirement
  8456 | D:8      | Acquired the Collected Works on Vitriolic Malediction
  8488 | D:7      | Killed a death yak
  8535 | D:7      | Slain by a death yak

Illustrated notes

Levels and vault maps discovered:
D:1:      eino_arrival_water_star, layout_basic, st_stairs_4
D:2:      layout_loops_cross
D:3:      layout_rooms, okawaru_ov_weapons_minmay, doesnt_xom_only_xom
D:4:      layout_basic, bloody_trog, minmay_temple_entry_antechambers,
          portal_sewer_entry_d
D:5:      layout_layer_cave, kennysheep_little_box, dk_rats_in_the_wall
D:6:      layout_loops_ring, serial_glass, glass_columns_c, glass_columns_b,
          uniq_crazy_yiuf_cottage
D:7:      layout_loops_corners, lemuel_round_altar, minmay_starry_boxes,
          uniq_maggie
D:8:      lemuel_ratsnest, layout_cave_pools, elyvilon_altar_4,
          old_standard_altar, kennysheep_mini, dpeg_lair_monsters

Skill      XL: |  1  2  3  4  5  6  7  8  9 |
---------------+----------------------------+-----
Stealth        | 3 7 8 |  8.7
Fighting       | 1 5 6 |  6.0
Poison Magic   | 4 7 |  7.6
Spellcasting   | 5 |  5.6
Conjurations   | 4 5 |  5.2
Air Magic      | 1 2 |  2.0
Evocations     | 1 2 |  2.8
Staves         | 1 |  1.2
Dodging        | 3 |  3.7
Hexes          | 1 |  1.4
Transmutations | 2 |  2.4
Invocations    | 1 |  1.7
Crossbows      | 1 2 |  2.0
Ice Magic      | 1 |  1.3
Short Blades   | |  0.9
Long Blades    | |  0.6
Unarmed Combat | |  0.4

Action                   |  1- 3 |  4- 6 |  7- 9 || total
-------------------------+-------+-------+-------++-------
Melee: Unarmed           |     5 |       |       ||     5
       Short sword       |    47 |    17 |       ||    64
       Constrict         |    12 |     8 |     6 ||    26
       Tentacles         |     5 |     3 |     4 ||    12
       Falchion          |       |    23 |    26 ||    49
       Staff             |       |    37 |       ||    37
 Fire: Arbalest          |       |       |    59 ||    59
 Cast: Sting             |    12 |       |     1 ||    13
       Poisonous Vapours |    20 |    19 |     5 ||    44
       Mephitic Cloud    |       |     1 |     2 ||     3
       Olgreb's Toxic Ra |       |    14 |    10 ||    24
       Confusing Touch   |       |       |     1 ||     1
       Corona            |       |       |     1 ||     1
  Use: Scroll            |     3 |    10 |     8 ||    21
       Potion            |       |     3 |     3 ||     6
 Stab: Sleeping          |    10 |     6 |     1 ||    17
       Distracted        |       |     1 |       ||     1
Armor: Skin              |     7 |    64 |     2 ||    73
Dodge: Dodged            |    39 |    33 |    48 ||   120
       Rpst.: Falchion   |       |     1 |     6 ||     7
